Zazza, neutral female human Tourist --------------########### ------------ |......>.....-# -----# ------------- #-..........| |............| |..{|# #[-..........%.######|.^........| |..#.........| |..^|# # |...........| |..........| |............. -....########......._..|+| ...........| |............| |...|# # ------------- ------------ -.--------|--- -----# ### ####### ### # #)# ### # ### # ###### # # -.----.----- ---------------# ### ----------- ----------- |..........| |.............|## ######..........| |.)m*+..%%| |...........#### |.............|# ###|...d......*#######-@*@%%[?()| |..........| # |..............# #.........<| |$.f/.[.+)| ------------ ##-.|...........|# |.........| |....!.!)!| --------------- ----------- ----------- Zazza the Rambler Experience level: 2 Strength: 7 Dexterity: 11 Constitution: 18 Intelligence: 12 Wisdom: 9 Charisma: 18 Health: 0(20) Energy: 5(5) Def: 4 Gold: 0 Moves: 1966 Dungeon seed: 5QHsSmS3S4_XiOQz Game ID: Zazza_1536513249 Your Inventory: Weapons a - 28 +2 darts C - 34 +2 darts I - a cursed -1 orcish dagger Armor e - an uncursed +0 Hawaiian shirt (being worn) n - an uncursed +0 cloak of displacement (being worn) q - a blessed +0 elven mithril-coat y - an uncursed +0 studded leather armor (being worn) Comestibles c - 9 uncursed food rations d - 2 uncursed eggs f - an uncursed pancake g - an uncursed tripe ration m - an uncursed cram ration u - an uncursed carrot J - an uncursed food ration Scrolls i - 4 uncursed scrolls of magic mapping Potions A - 2 potions of unholy water Tools j - an expensive camera (0:55) k - an uncursed credit card l - a magic marker (0:63) G - an uncursed credit card H - an expensive camera (0:29) Boulders/Statues z - an uncursed statue of a grid bug Spells and supernatural/magical abilities: Name Level Category Fail Memory W - pray for help -- divine ? -- Your skills at the end: Fighting Skills Weapon Skills dart [Basic] Spellcasting Skills Final Attributes: You were fervently aligned. You were displaced. You were held by a large mimic. You are dead. Vanquished creatures: an acid blob a large kobold 2 giant rats a jackal 2 foxes 3 kobolds a goblin 6 sewer rats a grid bug 6 lichens 4 kobold zombies 5 newts 33 creatures vanquished. Voluntary challenges: You had been an atheist until turn 1802. You never hit with a wielded weapon. You read items or engraved 1 time, starting on turn 1321. You never genocided any monsters. You never polymorphed an object. You never changed form. You used no wishes. You never split a pudding. You never wrote Elbereth's name. You never violated your personal moral code. Dungeon overview: The Dungeons of Doom: levels 1 to 4 Level 1 a fountain a long staircase Level 2 Level 3 an altar to Offler Level 4 <- You were here a general store, an altar to The Lady, a fountain, a sink History has recorded: On T:1 you entered the Dungeons of Doom to retrieve the Amulet of Yendor! On T:538 you reached level 2 of The Dungeons of Doom. On T:709 you advanced to experience level 2. On T:1292 you reached level 3 of The Dungeons of Doom. On T:1541 you reached level 4 of The Dungeons of Doom. Score breakdown: Gold: 0 ( 0 points) Experience: 2 levels ( 5570 points) Exploration: 4 levels ( 8.33%) ( 7579 points) Discoveries: 1 item ( 0.34%) ( 1737 points) Valuables value: (no points given unless you survive) Artifact value: 0 ( 0 points) Variety of kills: 12 monsters ( 3.15%) ( 5324 points) Turncount: 1966 turns ( 0 points) Survival: died (score multiplied by 80%) Total score: 16168 Latest messages: You see here a violet gem. You hear some noises in the distance. "Aloha, Zazza! Welcome again to Asidonhopo's general store!" 976 zorkmids are added to your credit. You see here a food ration (40 zorkmids). "For you, esteemed lady; only 40 for this food ration." J - a food ration (unpaid, 40 zorkmids). You see here a scroll labeled ELBIB YLOH (89 zorkmids). There are a few objects here. You see here an elven mithril-coat (214 zorkmids). "For you, esteemed lady; only 214 for this elven mithril-coat." You have a little trouble lifting q - an elven mithril-coat (unpaid, 214 zorkmids). Your movements are slowed slightly because of your load. Wait! That's a large mimic! You cannot escape from the large mimic! The large mimic hits! You cannot escape from the large mimic! (3x) The large mimic hits! You hit it. (2x) You miss it. The large mimic hits! You die... Asidonhopo comes and takes all your possessions. The statue of a grid bug is empty. Final status: Aloha Zazza the Tourist, killed by a large mimic... You died in The Dungeons of Doom on dungeon level 4 with 16168 points, and 0 pieces of gold, after 1966 moves. You were level 2 with a maximum of 20 hit points when you died.